AoeStats
← 659788842

Arena

509889958Analyzed
4v4 RM · 3d ago on Sep 28, 2026· 56m 53s· 8 players
Game mode
Random Map
Map size
Large (8 player)
Population
200
Speed
Normal
Resources
Standard
Victory
Conquest
Starting age
Dark Age
Ending age
Imperial Age
RankedLock teamsTeams togetherTeam positionsShared explorationLock speedFull tech treeHidden civsTurbo modeCheats
Victory
Defeat
🇨🇳 Franks · China
745
+6
🇮🇱 Spanish · Israel
712
+7
🇮🇹 Persians · Italy
625
+9
🇨🇭 Britons · Switzerland
615
+9
🇨🇱 Slavs · Chile
543
-10
🇨🇳 Portuguese · China
493
-8
🇨🇳 Chinese · China
458
-7
🇨🇳 Wei · China
403
-6
Joehahaha
0:28 Loom
13:22 Feudal Age
17:15 Castle Age
16:55 Wheelbarrow
16:08 Double-Bit Axe
18:07 Bow Saw
25:13 Caravan
26:09 Coinage
27:02 Gold Mining
27:03 Stone Mining
26:55 Horse Collar
27:04 Pikeman
27:29 Gambesons
29:19 Hand Cart
30:12 Town Watch
33:20 Imperial Age
31:12 Heavy Plow
32:26 Ballistics
35:02 Chemistry
34:32 Forging
34:22 Scale Mail Armor
35:14 Conscription
34:15 Elite Organ Gun
35:00 Halberdier
35:52 Arquebus
37:13 Banking
38:15 Guilds
39:28 Two-Man Saw
40:23 Masonry
40:52 Iron Casting
40:32 Chain Mail Armor
50:34 Blast Furnace
49:50 Chain Mail Armor
bastivilla.666
9:52 Feudal Age
19:26 Double-Bit Axe
20:17 Horse Collar
26:01 Castle Age
25:46 Scale Mail Armor
25:37 Fletching
25:47 Padded Archer Armor
26:48 Squires
26:09 Pikeman
28:00 Wheelbarrow
27:11 Loom
27:13 Town Watch
31:19 Hand Cart
31:06 Gold Mining
31:06 Stone Mining
31:42 Husbandry
31:53 Bloodlines
33:00 Man-at-Arms
34:03 Chain Mail Armor
33:55 Scale Barding Armor
34:14 Heavy Plow
34:27 Bow Saw
35:00 Long Swordsman
37:30 Forging
37:19 Light Cavalry
39:00 Chain Barding Armor
39:16 Iron Casting
38:57 Leather Archer Armor
38:38 Bodkin Arrow
41:42 Gold Shaft Mining
41:11 Town Patrol
41:26 Caravan
659788842
0:55 Loom
12:17 Feudal Age
14:33 Horse Collar
14:52 Double-Bit Axe
23:27 Wheelbarrow
22:47 Gold Mining
24:52 Town Watch
25:16 Scale Barding Armor
25:14 Scale Mail Armor
25:26 Forging
25:08 Fletching
25:19 Padded Archer Armor
24:48 Man-at-Arms
25:14 Arson
29:12 Castle Age
30:10 Hand Cart
31:27 Bow Saw
32:15 Gold Shaft Mining
33:09 Heavy Plow
34:16 Caravan
34:21 Stone Mining
37:49 Caravan
43:20 Great Wall
46:44 Imperial Age
46:51 Imperial Age
45:06 Coinage
45:42 Stone Shaft Mining
45:34 Leather Archer Armor
45:15 Bodkin Arrow
45:58 Iron Casting
45:40 Chain Mail Armor
45:46 Chain Barding Armor
45:31 Husbandry
45:42 Bloodlines
44:53 Light Cavalry
45:43 Thumb Ring
45:00 Crossbowman
45:02 Elite Skirmisher
45:46 Squires
45:08 Pikeman
45:10 Long Swordsman
47:04 Elite Chu Ko Nu
48:39 Banking
48:50 Ring Archer Armor
47:49 Two-Handed Swordsman
49:59 Plate Barding Armor
49:57 Plate Mail Armor
52:31 Masonry
52:36 Fortified Wall
52:24 Arbalester
52:37 Cavalier
52:49 Elite Fire Lancer
Elite Savage
patolo9393
10:57 Feudal Age
12:09 Wheelbarrow
11:24 Double-Bit Axe
15:16 Horse Collar
19:44 Castle Age
20:30 Heavy Plow
22:36 Bow Saw
22:55 Gold Mining
24:45 Gold Shaft Mining
26:58 Hand Cart
26:52 Husbandry
27:03 Bloodlines
31:55 Imperial Age
31:11 Scale Barding Armor
31:27 Forging
32:31 Conscription
32:49 Crop Rotation
33:08 Chain Barding Armor
39:04 Iron Casting
41:24 Blast Furnace
42:04 Plate Barding Armor
45:09 Cavalier
46:15 Savar
Nero14
10:24 Feudal Age
15:23 Double-Bit Axe
15:26 Horse Collar
21:15 Castle Age
23:09 Caravan
23:25 Stone Mining
24:20 Loom
25:10 Wheelbarrow
24:20 Town Watch
26:02 Town Patrol
26:48 Bow Saw
26:42 Heavy Plow
28:46 Hand Cart
30:30 Stone Shaft Mining
34:47 Imperial Age
35:53 Forging
35:43 Scale Mail Armor
35:49 Scale Barding Armor
35:34 Fletching
35:44 Padded Archer Armor
35:58 Bloodlines
35:48 Husbandry
35:09 Light Cavalry
35:09 Cavalier
37:02 Guilds
37:31 Elite Conquistador
39:05 Iron Casting
38:46 Chain Mail Armor
38:51 Chain Barding Armor
38:26 Bodkin Arrow
38:46 Leather Archer Armor
40:13 Paladin
40:16 Hussar
43:09 Murder Holes
44:15 Chemistry
43:35 Ballistics
48:14 Blast Furnace
47:44 Plate Mail Armor
47:49 Plate Barding Armor
47:14 Bracer
47:44 Ring Archer Armor
55:37 Spies/Treason
Vachacorne
1:48 Loom
2:14 Loom
13:19 Feudal Age
14:54 Double-Bit Axe
15:15 Horse Collar
17:51 Castle Age
15:56 Gold Mining
16:43 Man-at-Arms
18:51 Bow Saw
18:45 Heavy Plow
23:41 Gold Shaft Mining
22:57 Stone Mining
25:19 Wheelbarrow
25:43 Ballistics
25:29 Padded Archer Armor
25:23 Fletching
26:35 Caravan
26:20 Crossbowman
27:33 Yeomen
31:52 Imperial Age
29:44 Leather Archer Armor
29:37 Gambesons
29:53 Squires
29:14 Pikeman
29:42 Arson
31:06 Hand Cart
31:41 Long Swordsman
32:21 Bodkin Arrow
33:34 Chemistry
32:30 Murder Holes
32:46 Fortified Wall
32:22 Arbalester
34:40 Two-Man Saw
34:16 Ring Archer Armor
34:16 Conscription
37:06 Elite Longbowman
37:47 Warwolf
37:18 Elite Skirmisher
38:02 Bracer
39:54 Halberdier
41:52 Two-Handed Swordsman
domsen
0:46 Loom
12:48 Feudal Age
13:23 Double-Bit Axe
22:45 Castle Age
21:57 Gold Mining
22:56 Stone Mining
25:29 Gold Shaft Mining
27:04 Bow Saw
28:08 Treadmill Crane
29:00 Ballistics
31:27 Caravan
35:23 Imperial Age
34:50 Wheelbarrow
35:32 Husbandry
34:56 Ordonnance Companies
36:20 Hand Cart
36:44 Conscription
36:39 Forging
36:35 Scale Barding Armor
38:36 Cavalier
40:17 Iron Casting
40:03 Chain Barding Armor
39:50 Fletching
40:05 Elite Throwing Axeman
40:09 Paladin
41:59 Blast Furnace
42:15 Chivalry
42:21 Squires
42:06 Arson
42:08 Gambesons
43:43 Siege Engineers
44:40 Chemistry
43:36 Murder Holes
44:26 Plate Barding Armor
43:47 Bodkin Arrow
43:56 Scale Mail Armor
Connection lost

Rejoining the realm…

Still unreachable

The connection could not be restored.

Session expired

The server has moved on; the page needs a fresh start.